 Dungeon Crawl Stone Soup version 0.13-a0-2116-g5cefd36 (webtiles) character file.

3456 M4edhros the Spear-Bearer (level 10, -3/62 HPs)
             Began as an Octopode Gladiator on June 26, 2013.
             Was a Believer of Yredelemnul.
             Killed from afar by a fire drake (9 damage)
             ... with a blast of flame
             ... on Level 1 of the Lair of Beasts on June 27, 2013.
             The game lasted 00:34:54 (9909 turns).

M4edhros the Spear-Bearer (Octopode Gladiator)      Turns: 9909, Time: 00:34:59

HP  -3/62        AC  9     Str 18      XL: 10   Next:  4%
MP  18/18        EV 13     Int 14      God: Yredelemnul [**....]
Gold 54          SH 13     Dex 16      Spells:  0 memorised,  9 levels left

Res.Fire  : . . .   See Invis. : .   z - +1,+2 trident
Res.Cold  : . . .   Warding    : .   B - +0 buckler
Life Prot.: . . .   Conserve   : .   c - +1 cap
Res.Poison: +       Res.Corr.  : .   o - amulet of clarity
Res.Elec. : .       Clarity    : +   h - +4 ring of strength
Sust.Abil.: . .     Spirit.Shd : .   m - +3 ring of dexterity
Res.Mut.  : .       Stasis     : .   n - ring of magical power
Res.Rott. : .       Flight     : .   p - ring of sustenance
Saprovore : . . .                    a - ring of poison resistance
                                     v - +4 ring of protection
                                     C - +3 ring of protection
                                     (no ring)

@: somewhat resistant to hostile enchantments, stealthy
A: almost no armour, amphibious, 8 rings, constrict 8, camouflage 1, AC +1
a: Animate Remains, Recall Undead Slaves, Injury Mirror, Renounce Religion


You were on level 1 of the Lair of Beasts.
You worshipped Yredelemnul.
Yredelemnul was most pleased with you.
You were not hungry.

You visited 2 branches of the dungeon, and saw 11 of its levels.

You collected 466 gold pieces.
You spent 432 gold pieces at shops.

Inventory:

Hand weapons
 l - a +5,+0 elven dagger of speed
 z - a +1,+2 trident (weapon)
Missiles
 d - 3 throwing nets (quivered)
 t - 3 silver javelins
Armour
 c - a +1 cap (worn)
 B - a +0 buckler (worn)
Magical devices
 e - a wand of disintegration (2)
 j - a wand of enslavement (17)
Comestibles
 f - 2 bread rations
 q - a choko
 r - 3 pears
 u - a meat ration
 A - 11 strawberries
Scrolls
 b - 6 scrolls of remove curse
 g - 4 scrolls of identify
 i - a scroll of enchant armour
 s - 2 scrolls of enchant weapon II
 w - a scroll of noise
 y - a scroll of amnesia
Jewellery
 a - a ring of poison resistance (on tentacle)
 h - a +4 ring of strength (left tentacle)
 m - a +3 ring of dexterity (right tentacle)
 n - a ring of magical power (on tentacle)
 o - an amulet of clarity (around mantle)
 p - a ring of sustenance (on tentacle)
 v - a +4 ring of protection (on tentacle)
 C - a +3 ring of protection (on tentacle)
Potions
 k - a potion of might
 x - a potion of restore abilities


   Skills:
 - Level 2.0 Fighting
 - Level 10.5 Polearms
 - Level 2.0 Throwing
 - Level 3.0 Dodging
 + Level 8.3 Shields


You had 9 spell levels left.
You didn't know any spells.

Dungeon Overview and Level Annotations

Branches:
Dungeon (10/27)            Temple (0/1) D:6             Orc (0/4) D:9
   Lair (1/8) D:8

Altars:
Cheibriados
Kikubaaqudgha
Yredelemnul
Zin

Shops:
D:4: (*= D:5: + D:7: [

Annotations
D:9 Eustachio


Innate Abilities, Weirdness & Mutations

You cannot wear most types of armour.
You are amphibious.
You can wear up to eight rings at the same time.
You can use your tentacles to constrict many enemies at once.
Your skin changes colour to match your surroundings (Stlth).
Your rubbery body absorbs attacks (AC +1).


Message History

Ouch! That really hurt!
Drink which item? (? for menu, Esc to quit)
Okay, then.
Evoke which item? (* to show all) (? for menu, Esc to quit)
Zapping:
j - a wand of enslavement (18)
Press: ? - help, Shift-Dir - straight line, f - fire drake
Aim: a fire drake (moderately wounded)
The fire drake resists with some effort.
This wand has 17 charges left.
The fire drake breathes fire at you. The blast of flame hits you!
One of your 7 scrolls of remove curse catches fire!
One of your 2 scrolls of enchant armour catches fire!
* * * LOW HITPOINT WARNING * * *
The fire drake breathes fire at you. The blast of flame hits you!
One of your 5 scrolls of identify catches fire!
One of your 3 scrolls of enchant weapon II catches fire!
You die...
Your body rises from the dead as a mindless zombie.

# ### .##############
..####....#........#.
...#f.................
......................
......................
.......................
#.f###+.....##'####.#....
.......#...#....@l...+
.......#...#.........#
...........#........##
.......#...#.....(...#
..###.##...............
...........#........##.
...........#.........#
.....................#
...........##........


You could see a fire drake.

Vanquished Creatures
  Psyche (D:8)
  A yak (D:8)
  A hungry ghost (D:8)
  A manticore zombie (D:6)
  2 necrophages
  An orc warrior (D:6)
  2 ice beasts
  2 black bears
  A yellow wasp (D:8)
  2 ogres
  A centaur (D:8)
  A troll skeleton (D:8)
  A troll zombie (D:7)
  Duvessa (D:5)
  A giant slug (Lair:1)
  Blork the orc (D:8)
  6 giant frogs
  2 wights (D:10)
  A killer bee zombie (D:5)
  4 killer bees (D:8)
  4 crimson imps
  Dowan (D:5)
  An ogre skeleton (D:8)
  A goliath beetle (D:7)
  3 hounds
  2 orc priests
  4 orc wizards
  3 worker ants
  2 jellies
  A gnoll (D:8)
  An iguana zombie (D:6)
  10 adders
  An adder zombie (D:5)
  2 giant mites
  4 worms
  A giant eyeball (D:4)
  5 giant geckos
  16 orcs
  3 ball pythons
  4 giant cockroaches
  9 goblins
  11 hobgoblins
  3 jackals (D:8)
  2 oozes (D:5)
  3 quokkas
  17 bats
  5 giant newts
  A jackal zombie (D:8)
  7 kobolds
  A kobold skeleton (D:6)
  13 rats
  A rat zombie (D:8)
175 creatures vanquished.

Vanquished Creatures (collateral kills)
  A necrophage (D:8)
  A killer bee (D:8)
  2 wights (D:10)
  A hound (D:8)
  An orc wizard (D:5)
  A worker ant (D:8)
  A giant gecko (D:6)
  3 orcs (D:8)
  A giant cockroach (D:8)
  A rat (D:8)
  A butterfly (D:7)
14 creatures vanquished.

Vanquished Creatures (others)
  A giant frog zombie (D:7)
  A centaur zombie (D:8)
  3 killer bee zombies (D:8)
  A human zombie (D:8)
  A necrophage skeleton (D:10)
  A worker ant zombie (D:5)
  2 worm zombies (D:6)
  4 orc zombies
  2 adder zombies
  A bat zombie (D:8)
  A gnoll zombie (D:8)
  A giant mite zombie (D:7)
  A giant cockroach zombie (D:8)
  A giant gecko zombie (D:8)
  2 hobgoblin zombies
  A jackal zombie (D:8)
  An orc skeleton (D:9)
  A rat zombie (D:7)
26 creatures vanquished.

Grand Total: 215 creatures vanquished

Notes
Turn   | Place    | Note
--------------------------------------------------------------
     0 | D:1      | M4edhros, the Octopode Gladiator, began the quest for the Orb.
     0 | D:1      | Reached XP level 1. HP: 15/15 MP: 0/0
     1 | D:1      | Found a glowing silver altar of Zin.
   111 | D:1      | Reached XP level 2. HP: 12/20 MP: 1/1
   131 | D:1      | Upgraded the game from 0.13-a0-2060-gccfd96d to 0.13-a0-2116-g5cefd36
   302 | D:1      | Reached skill level 4 in Polearms
   422 | D:1      | Reached XP level 3. HP: 25/25 MP: 2/2
  1217 | D:2      | Reached XP level 4. HP: 31/31 MP: 3/3
  1655 | D:3      | Reached skill level 5 in Polearms
  1886 | D:3      | Found a basalt altar of Yredelemnul.
  1961 | D:3      | Found a snail-covered altar of Cheibriados.
  1968 | D:3      | Paralysed by a potion of paralysis for 6 turns
  2135 | D:3      | Became a worshipper of Yredelemnul the Dark
  2286 | D:4      | Noticed a phantom
  2301 | D:4      | Reached XP level 5. HP: 20/36 MP: 4/4
  2313 | D:4      | Reached skill level 6 in Polearms
  2535 | D:4      | Found Tript's Jewellery Emporium.
  3416 | D:4      | Found Nusuneil's Weapon Emporium.
  3484 | D:4      | Found Zicimp's Assorted Antiques.
  3586 | D:5      | Entered Level 5 of the Dungeon
  3752 | D:5      | Found Veaxaacw's Book Boutique.
  3772 | D:5      | Reached XP level 6. HP: 37/41 MP: 5/5
  3810 | D:5      | Noticed Duvessa
  3810 | D:5      | Noticed Dowan
  3823 | D:5      | Killed Duvessa
  3823 | D:5      | Reached skill level 7 in Polearms
  3828 | D:5      | Killed Dowan
  4055 | D:5      | Acquired Yredelemnul's first power
  4110 | D:5      | Reached XP level 7. HP: 13/45 MP: 6/6
  4465 | D:5      | Reached skill level 8 in Polearms
  5148 | D:6      | Found an ancient bone altar of Kikubaaqudgha.
  5307 | D:6      | Found a staircase to the Ecumenical Temple.
  5722 | D:6      | Acquired Yredelemnul's second power
  5723 | D:6      | Reached skill level 9 in Polearms
  5748 | D:6      | Reached XP level 8. HP: 33/52 MP: 7/7
  5940 | D:6      | Reached skill level 10 in Polearms
  6138 | D:7      | Found Shrihothre's Armour Emporium.
  6774 | D:8      | Noticed Psyche
  6861 | D:8      | Reached skill level 1 in Shields
  6866 | D:8      | Reached XP level 9. HP: 46/56 MP: 8/8
  6925 | D:8      | Noticed Blork the orc
  7464 | D:8      | Killed Psyche
  7668 | D:9      | Found a staircase to the Orcish Mines.
  7799 | D:10     | Entered Level 10 of the Dungeon
  7811 | D:10     | Reached skill level 5 in Shields
  8130 | D:10     | Noticed a hill giant
  8221 | D:9      | Noticed Eustachio
  8276 | D:8      | Your ally Psyche died
  8892 | D:8      | Found a staircase to the Lair.
  9033 | D:8      | Killed Blork the orc
  9224 | D:4      | Bought a +4 ring of protection for 432 gold pieces
  9480 | D:8      | Reached XP level 10. HP: 11/62 MP: 9/9
  9774 | Lair:1   | Entered Level 1 of the Lair of Beasts
  9909 | Lair:1   | Killed from afar by a fire drake

Action                   |  1- 3 |  4- 6 |  7- 9 | 10-12 || total
-------------------------+-------+-------+-------+-------++-------
Melee: Trident           |    73 |   133 |   334 |    14 ||   554
Invok: Animate Remains   |       |     1 |    39 |       ||    40
Evoke: Wand              |       |       |    13 |     1 ||    14
  Use: Potion            |       |    11 |     2 |       ||    13
       Scroll            |       |    13 |     9 |       ||    22
 Stab: Sleeping          |     7 |     4 |     2 |     2 ||    15
       Distracted        |       |       |     3 |       ||     3
